Map: Golden Wall LE

Players

Reynor - Winner!

  • Race: Zerg Zerg
  • Spawn Location: 5:00

HeroMarine

  • Race: Terran Terran
  • League: Master
  • Spawn Location: 7:00

Event: DreamHack SC2 Masters 2020 Summer Europe

VOD

Have the link to the VOD?

Description

Time

  • Played on: July 11, 2020, 1:40 p.m.
  • Length: 20:13

All games in this series

Show
View Real Time Build Order
Export as new Build Order

Reynor Zerg - Winner!

Build Orders: Hatch First, Lurkers 

Get SALT Encoding   

  12  0:03  Drone  
  13  0:14  Overlord  
  13  0:17  Drone  
  14  0:33  Drone x2  
  16  0:50  Hatchery  
  16  0:53  Drone  
  16  0:56  Drone  
  17  0:59  Drone  
  18  1:12  Extractor  
  18  1:16  Spawning Pool  
  16  1:19  Drone  
  16  1:21  Drone  
  18  1:29  Drone  
  19  1:41  Drone  
  20  1:52  Drone  
  21  2:02  Queen x2  
  21  2:03  Zergling x4  
  27  2:12  Overlord  
  27  2:13  Drone, Metabolic Boost  
  28  2:31  Drone x2  
  28  2:35  Drone  
  28  2:36  Drone  
  32  2:40  Queen  
  34  2:44  Overlord  
  34  2:46  Drone  
  35  2:52  Pneumatized Carapace  
  35  2:55  Drone  
  36  3:03  Drone  
  37  3:06  Drone  
  37  3:07  Drone  
  37  3:11  Drone x3  
  37  3:12  Drone x2  
  44  3:14  Overlord  
  44  3:28  Hatchery  
  44  3:29  Overlord  
  44  3:32  Drone  
  44  3:34  Drone x2  
  45  3:39  Queen  
  48  3:41  Drone  
  48  3:46  Zergling x6  
  52  3:50  Zergling x4  
  54  4:00  Zergling x8  
  58  4:03  Baneling Nest  
  58  4:05  Drone  
  58  4:10  Queen  
  58  4:12  Overlord  
  60  4:20  Overlord  
  60  4:25  Extractor  
  60  4:28  Zergling x2  
  60  4:29  Overlord  
  60  4:30  Queen  
  60  4:31  Zergling x4  
  64  4:34  Zergling x2  
  64  4:36  Zergling x6  
  68  4:40  Zergling x2  
  68  4:42  Zergling x2  
  68  4:45  Queen, Drone  
  71  4:46  Drone  
  71  4:47  Baneling x3  
  71  4:48  Baneling x2  
  71  4:51  Drone  
  75  4:54  Drone x2  
  75  4:55  Drone  
  75  4:56  Drone  
  75  4:58  Drone  
  80  5:01  Drone  
  81  5:07  Overlord  
  81  5:09  Drone  
  82  5:16  Drone  
  82  5:19  Drone x3  
  82  5:20  Drone x2  
  88  5:26  Drone  
  88  5:27  Lair  
  89  5:29  Drone  
  89  5:30  Drone  
  89  5:34  Drone  
  84  5:42  Drone  
  84  5:43  Drone  
  84  5:44  Drone  
  84  5:46  Extractor x2  
  84  5:47  Evolution Chamber x2  
  82  5:52  Hatchery, Drone x2  
  82  5:55  Drone x3  
  82  5:56  Drone  
  87  5:57  Hatchery, Drone  
  87  6:00  Drone x3  
  90  6:04  Drone x2  
  90  6:06  Drone  
  90  6:08  Overlord  
  90  6:10  Extractor  
  92  6:15  Zerg Melee Weapons Level 1, Zerg Ground Armor Level 1  
  92  6:17  Overlord  
  92  6:26  Centrifical Hooks  
  92  6:27  Zergling x2  
  92  6:28  Zergling x8  
  92  6:30  Overlord  
  97  6:38  Zergling x14  
  99  6:41  Zergling x4  
  101  6:47  Baneling x2  
  101  6:48  Baneling x2  
  101  6:50  Zergling x2  
  101  6:51  Zergling x2  
  101  6:53  Zergling x2  
  104  6:56  Zergling x8  
  108  7:04  Drone x2  
  108  7:05  Drone x2  
  108  7:06  Drone x2  
  114  7:09  Zergling x2  
  114  7:10  Hydralisk Den  
  114  7:11  Baneling x2  
  114  7:12  Baneling x5  
  114  7:13  Baneling x2  
  114  7:15  Zergling x4  
  114  7:21  Drone x3  
  117  7:23  Overlord  
  117  7:24  Drone x4  
  117  7:26  Drone  
  122  7:35  Spine Crawler, Spore Crawler  
  122  7:36  Overlord  
  120  7:40  Baneling x2  
  120  7:44  Hatchery, Baneling x2  
  120  7:46  Muscular Augments  
  120  7:47  Lurker Den  
  120  7:48  Infestation Pit  
  120  7:49  Drone x3  
  120  7:50  Zergling x2  
  120  7:51  Zergling x14  
  125  7:54  Zergling x2  
  125  7:55  Zergling x8  
  130  8:02  Drone x2  
  130  8:03  Zergling x4, Extractor  
  130  8:05  Overlord x2  
  133  8:06  Baneling x3  
  133  8:07  Baneling x2  
  133  8:08  Overlord  
  133  8:15  Hydralisk x2  
  133  8:19  Overlord  
  133  8:21  Zerg Ground Armor Level 2, Zerg Melee Weapons Level 2  
  133  8:24  Overlord  
  133  8:26  Drone  
  137  8:27  Drone x5  
  137  8:28  Drone x4  
  137  8:30  Extractor x2  
  137  8:31  Hydralisk x2  
  137  8:32  Zergling x2  
  139  8:41  Hive  
  134  8:46  Zergling x16  
  138  8:51  Zergling x12  
  138  8:52  Drone x2  
  145  9:00  Zergling x2, Hydralisk  
  145  9:01  Zergling x8  
  145  9:02  Drone x2  
  149  9:05  Baneling x4  
  149  9:08  Lurker  
  149  9:09  Lurker  
  151  9:12  Lurker x2  
  151  9:15  Queen  
  155  9:20  Hydralisk x3  
  155  9:21  Zergling x2  
  161  9:25  Baneling  
  161  9:26  Baneling x5  
  161  9:27  Overseer  
  161  9:30  Zergling x6  
  161  9:31  Zergling x12, Overlord  
  167  9:45  Zergling x2  
  167  9:46  Zergling x22  
  167  9:48  Overseer  
  167  9:52  Zergling x2, Hydralisk  
  176  9:53  Zergling x4  
  176  9:54  Seismic Spines  
  176  9:57  Overlord  
  176  9:58  Drone x3  
  176  9:59  Hydralisk  
  173  10:00  Zergling x6, Hydralisk  
  173  10:01  Zergling x2  
  173  10:03  Overlord  
  181  10:07  Zergling x4  
  171  10:14  Hydralisk  
  171  10:15  Zergling x12  
  171  10:20  Zergling x2  
  148  10:22  Zergling x2, Hydralisk  
  148  10:23  Zergling x4, Hydralisk x2  
  148  10:24  Zergling x2  
  148  10:25  Hydralisk  
  142  10:28  Zergling x4  
  142  10:29  Zergling x2  
  142  10:30  Zergling x4  
  142  10:31  Zergling x2  
  142  10:32  Lurker x3  
  149  10:38  Zergling x6  
  149  10:41  Zergling x6  
  151  10:43  Hydralisk  
  151  10:47  Zergling x2  
  151  10:49  Zergling x2  
  155  10:51  Adaptive Talons  
  155  10:52  Lurker  
  155  10:53  Hatchery, Lurker x4  
  155  10:55  Drone x2  
  161  10:59  Lurker  
  161  11:00  Lurker  
  161  11:01  Zergling x12, Spore Crawler  
  168  11:09  Zerg Missile Weapons Level 1  
  168  11:10  Hydralisk x2  
  171  11:11  Zergling x8  
  171  11:15  Zergling x4  
  171  11:16  Zergling x2  
  177  11:20  Lurker x2  
  177  11:21  Hydralisk  
  177  11:22  Zergling x2  
  177  11:25  Zergling x6  
  184  11:35  Queen, Drone x3  
  184  11:39  Adrenal Glands  
  187  11:41  Viper  
  187  11:44  Overlord x3  
  190  11:49  Overlord  
  190  11:59  Overlord  
  190  12:05  Hydralisk  
  190  12:06  Zergling x10  
  190  12:07  Zergling x6  
  199  12:12  Viper  
  198  12:16  Zergling x4  
  200  12:24  Baneling x5  
  193  12:33  Zergling x16  
  193  12:36  Zergling x8  
  198  12:38  Zergling x10  
  198  12:40  Overlord  
  198  12:48  Zergling x4  
  198  12:49  Zerg Ground Armor Level 3  
  200  13:04  Hatchery, Hydralisk x2  
  199  13:06  Baneling x2  
  199  13:11  Zergling x2  
  182  13:20  Zergling x2  
  182  13:21  Zergling x24  
  182  13:25  Hydralisk  
  182  13:26  Zergling x16  
  180  13:29  Queen  
  180  13:34  Zergling x8  
  173  13:37  Zergling x2  
  173  13:41  Zergling x2, Hydralisk x2  
  171  13:42  Zergling x4  
  171  13:43  Hydralisk  
  171  13:44  Zergling x8  
  173  13:53  Viper x2  
  173  13:55  Hydralisk x3  
  175  13:56  Zergling x2  
  175  13:57  Lurker  
  175  13:58  Lurker  
  175  14:01  Extractor  
  183  14:03  Viper  
  183  14:05  Zerg Melee Weapons Level 3  
  183  14:08  Hydralisk x5  
  196  14:11  Grooved Spines  
  196  14:15  Lurker x4  
  200  14:19  Spire  
  200  14:22  Spore Crawler  
  200  14:24  Spore Crawler  
  197  14:28  Zergling x2, Hydralisk  
  196  14:39  Drone x2  
  196  14:41  Zergling x4  
  195  15:19  Spore Crawler  
  195  15:20  Spore Crawler  
  187  15:24  Hydralisk x2  
  187  15:25  Zergling x18  
  187  15:26  Zergling x14  
  187  15:27  Hydralisk  
  187  15:28  Zergling x18  
  184  15:30  Hydralisk  
  184  15:31  Zergling x4, Hydralisk x2  
  184  15:33  Hydralisk x2  
  184  15:34  Zergling x2  
  181  15:36  Hydralisk x2  
  181  15:39  Hydralisk  
  181  15:42  Zergling x2  
  184  15:48  Zergling x8  
  188  15:51  Zergling x8  
  188  15:54  Drone x3  
  188  15:55  Drone x2  
  188  15:56  Hatchery  
  190  15:59  Baneling x6  
  190  16:01  Corruptor x4  
  198  16:07  Zergling x2  
  198  16:10  Baneling  
  198  16:11  Baneling x5  
  199  16:23  Hydralisk  
  199  16:24  Zergling x12  
  199  16:25  Zergling x4  
  194  16:33  Corruptor  
  194  16:34  Corruptor x3  
  193  16:40  Zergling x10  
  193  16:45  Zergling x6  
  190  16:57  Lurker x7  
  190  16:58  Zergling x6  
  199  17:01  Spore Crawler  
  198  17:14  Zergling x4  
  199  17:28  Drone x4  
  197  17:30  Drone x2  
  193  17:38  Drone x2  
  193  17:39  Drone x5  
  193  17:43  Hydralisk  
  193  17:44  Zergling x16  
  192  17:51  Zergling x16  
  197  17:56  Zergling x4  
  193  17:59  Hydralisk  
  193  18:00  Zergling x2  
  193  18:02  Zergling x8  
  194  18:07  Zergling x10  
  199  18:13  Baneling x5  
  197  18:29  Zergling x4  
  199  18:35  Hydralisk  
  199  18:36  Zergling x2  
  199  18:39  Hydralisk  
  199  18:40  Zergling x30  
  199  18:41  Zergling x2  
  199  18:43  Hydralisk  
  189  18:48  Zergling x2  
  189  18:49  Zergling x22  
  189  18:53  Zergling x2  
  189  18:54  Zergling x6  
  189  18:55  Queen  
  186  18:59  Zergling x12  
  186  19:01  Zergling x18  
  197  19:06  Hydralisk  
  197  19:07  Hydralisk  
  197  19:09  Hydralisk x8  
  185  19:19  Lurker x3  
  185  19:20  Lurker x7  
  185  19:21  Drone x4  
  199  19:27  Extractor x2  
  189  19:57  Hatchery  
  160  20:09  Spawning Pool  
  150  20:12  Hatchery  
Show
View Real Time Build Order
Export as new Build Order

HeroMarine Terran 

Build Orders: Hellion Opening, Reaper Expand 

Get SALT Encoding   

  12  0:00  SCV  
  13  0:13  SCV  
  14  0:17  Supply Depot  
  14  0:25  SCV  
  15  0:39  SCV  
  15  0:40  Barracks  
  16  0:43  Refinery  
  16  0:51  SCV  
  17  1:03  SCV  
  18  1:15  SCV  
  19  1:27  Reaper  
  19  1:28  Orbital Command  
  20  1:41  Command Center  
  20  1:49  Supply Depot  
  20  1:53  SCV  
  21  1:59  Marine  
  22  2:05  SCV  
  23  2:10  Factory  
  23  2:15  Refinery  
  23  2:19  SCV  
  23  2:20  Barracks Reactor  
  24  2:31  SCV  
  25  2:43  SCV  
  26  2:54  Ghost Academy  
  26  2:55  SCV, Orbital Command  
  27  3:02  Hellion x2  
  31  3:07  SCV  
  31  3:08  Barracks Tech Lab  
  33  3:20  SCV  
  33  3:21  SCV  
  33  3:24  Hellion x2  
  38  3:27  Ghost  
  38  3:33  SCV x2  
  42  3:36  Supply Depot  
  42  3:48  Armory  
  42  3:50  Hellion x2  
  46  3:57  SCV x2  
  46  3:58  Ghost  
  50  4:03  Supply Depot  
  52  4:10  SCV x2  
  52  4:16  Hellion  
  54  4:25  SCV x2, Hellion  
  54  4:26  Supply Depot  
  58  4:36  Stimpack  
  58  4:37  SCV, Command Center  
  59  4:39  SCV  
  59  4:44  Marine  
  61  4:52  SCV x2  
  63  4:53  Supply Depot, Factory Reactor  
  63  4:56  Barracks  
  63  4:57  Barracks  
  63  5:02  Marine  
  63  5:05  SCV x2  
  66  5:09  Engineering Bay  
  66  5:10  Engineering Bay  
  66  5:17  SCV x2  
  66  5:20  Marine  
  69  5:29  SCV  
  69  5:30  SCV  
  69  5:32  Starport, Barracks  
  69  5:34  Barracks  
  71  5:35  Factory Reactor  
  71  5:41  SCV  
  71  5:42  Bunker, Marine  
  67  5:43  SCV  
  67  5:48  Orbital Command  
  68  5:50  Terran Infantry Weapons Level 1  
  68  5:54  SCV, Marine x2, Terran Infantry Armor Level 1  
  68  5:56  Marine  
  72  5:58  Marine  
  72  6:00  Marine  
  72  6:04  Refinery x2  
  74  6:06  SCV x2  
  76  6:12  Orbital Command  
  76  6:18  SCV x2  
  77  6:19  Factory Reactor, Marine x2  
  77  6:20  Marine x2  
  77  6:22  Supply Depot  
  77  6:25  Medivac x2  
  86  6:31  SCV  
  86  6:32  SCV  
  88  6:38  Marine  
  88  6:39  Barracks Reactor x2  
  81  6:40  Marine x4  
  81  6:42  SCV  
  81  6:44  SCV x2  
  81  6:46  Supply Depot  
  88  6:50  Supply Depot  
  88  6:51  Supply Depot  
  88  6:54  SCV  
  88  6:56  SCV x2, Marine  
  88  6:58  Medivac x2, Marine  
  97  7:07  Marine  
  97  7:08  Marine x2  
  103  7:11  Refinery  
  103  7:14  Supply Depot x3, Marine x2  
  103  7:15  Marine  
  103  7:16  Marine  
  103  7:24  Marine x2  
  103  7:25  Marine  
  103  7:26  Hellion x2  
  110  7:32  Combat Shield, Factory  
  110  7:34  Marine x4  
  110  7:35  Marine x2  
  116  7:40  Command Center  
  116  7:45  Marine  
  116  7:49  Marine  
  116  7:50  Marine  
  118  7:52  Marine x6  
  118  7:53  Medivac, Widow Mine x2  
  118  7:55  Medivac  
  132  8:02  Supply Depot, Marine  
  133  8:07  Marine x2  
  133  8:09  Marine  
  133  8:10  Marine x4  
  133  8:11  Marine  
  135  8:20  Marine  
  135  8:21  Terran Infantry Armor Level 2, Terran Infantry Weapons Level 2  
  135  8:23  Terran Vehicle And Ship Armor Level 1, Factory Tech Lab  
  135  8:25  Marine x2  
  134  8:27  Marine x2  
  134  8:31  Marine x2  
  134  8:33  Marine x2  
  140  8:38  Marine  
  142  8:42  Widow Mine x2  
  142  8:43  Marine x2  
  142  8:44  Drilling Claws  
  142  8:45  Marine  
  146  8:49  Marine  
  146  8:50  Marine  
  146  8:52  Marauder, Marine  
  151  8:55  Marine  
  151  8:59  Siege Tank  
  151  9:01  Marine x2  
  155  9:07  Medivac x2  
  159  9:11  Marine x5  
  159  9:13  Barracks  
  159  9:14  Barracks  
  159  9:15  Barracks  
  164  9:19  Supply Depot x2  
  164  9:21  Marine  
  158  9:24  SCV x3, Factory Tech Lab  
  157  9:36  SCV x2, Marine x2  
  157  9:37  SCV  
  161  9:39  Marine  
  161  9:40  Marine  
  161  9:44  Planetary Fortress  
  162  9:48  SCV x2  
  162  9:49  SCV  
  161  9:56  Siege Tank  
  161  10:00  SCV  
  161  10:01  SCV x2, Siege Tank  
  161  10:06  Barracks Tech Lab  
  167  10:13  SCV x3  
  162  10:16  Marine x2  
  162  10:19  Marine  
  158  10:23  Marine x2  
  158  10:25  SCV x3  
  137  10:28  Siege Tank  
  137  10:33  Siege Tank  
  138  10:37  SCV, Marine x3  
  142  10:44  Marauder x2  
  142  10:45  Barracks Tech Lab  
  142  10:46  Terran Infantry Weapons Level 3, Terran Infantry Armor Level 3  
  142  10:47  Marine  
  142  10:48  Marine  
  142  10:49  Marine  
  146  10:53  Marine x2  
  146  10:55  Marine x2  
  147  10:58  Medivac  
  147  10:59  Medivac  
  147  11:00  Siege Tank  
  147  11:03  Concussive Shells  
  156  11:04  Marauder  
  156  11:05  Marauder x2  
  156  11:06  Siege Tank  
  156  11:08  Refinery  
  156  11:10  Refinery  
  161  11:11  Supply Depot  
  161  11:15  Marine x2  
  163  11:19  Marine  
  163  11:23  Marine  
  163  11:24  Supply Depot, Marine  
  168  11:26  Marauder  
  168  11:27  Marauder x2  
  168  11:31  Terran Vehicle And Ship Armor Level 2  
  172  11:33  Marine x2  
  174  11:45  Medivac x2  
  180  11:47  Marauder  
  180  11:48  Marauder x2  
  180  11:49  Marine x4  
  188  11:54  Command Center, Marine x2  
  188  11:55  Command Center  
  188  11:56  Marine x2  
  188  11:58  Marine  
  188  11:59  Marine  
  194  12:06  Marine  
  194  12:07  Marine x2  
  199  12:08  Marauder  
  199  12:15  Marauder, Marine x2  
  178  12:19  Medivac x2  
  178  12:20  Marauder, Marine x2  
  178  12:21  Marine  
  188  12:24  Marine x2  
  188  12:27  Siege Tank  
  188  12:28  Factory, Ghost Academy  
  188  12:29  Marine x2  
  196  12:30  Marauder, Marine  
  196  12:34  Marine  
  196  12:35  Marine  
  196  12:36  Marauder  
  199  12:44  Marine  
  198  13:11  Orbital Command  
  198  13:16  Missile Turret  
  198  13:18  Marauder, Sensor Tower  
  190  13:21  Marauder x2, Marine x2  
  190  13:26  Marine x2  
  169  13:29  Marine, Siege Tank x2  
  169  13:30  Marine  
  169  13:31  Marine x2  
  169  13:33  Marine x2  
  168  13:39  Marauder, Marine  
  171  13:42  Marauder  
  171  13:43  Marauder  
  154  13:48  Liberator x2  
  154  13:49  Factory Tech Lab  
  156  13:56  Marine x4  
  156  13:57  Marine x2  
  156  14:01  Planetary Fortress, Marauder, Siege Tank x2  
  170  14:03  Marauder  
  170  14:04  Marauder, Marine x4  
  178  14:12  Enhanced Shockwaves  
  178  14:14  Terran Vehicle Weapons Level 1  
  178  14:17  Siege Tank  
  178  14:21  Ghost  
  178  14:23  SCV  
  185  14:24  Ghost  
  185  14:25  Ghost  
  185  14:27  SCV x2  
  185  14:28  Sensor Tower  
  189  14:42  Siege Tank x2  
  194  14:46  Missile Turret  
  194  14:49  Siege Tank  
  194  14:50  SCV x3  
  200  15:09  Ghost  
  192  15:15  Ghost  
  194  15:24  Marauder  
  194  15:27  Medivac x2  
  170  15:29  Marine x4  
  170  15:33  Marine x3  
  170  15:34  Marine x2  
  170  15:35  Marine  
  168  15:38  Marauder  
  168  15:40  Siege Tank x2  
  170  15:44  Marauder  
  170  15:45  Ghost  
  170  15:47  Marine x3  
  170  15:49  Marine  
  178  15:51  Marine x2  
  178  15:57  Siege Tank  
  183  15:59  Ghost  
  183  16:02  Sensor Tower  
  183  16:03  Marine x2  
  187  16:04  Marine  
  187  16:05  Ghost  
  193  16:14  Marauder  
  193  16:15  Refinery  
  193  16:16  Marine x2  
  194  16:24  Siege Tank x2  
  194  16:28  Marauder  
  189  16:34  Marauder  
  189  16:36  Marauder  
  186  16:49  Supply Depot x2  
  186  16:50  Marauder  
  186  16:51  Marine  
  186  16:53  Marine  
  186  16:54  Marine  
  183  16:55  Marauder  
  183  16:56  Marine, Siege Tank x2  
  183  16:57  Marauder  
  183  16:59  Orbital Command  
  187  17:04  Marine  
  187  17:07  Marine x2  
  190  17:10  Marine x2  
  190  17:11  Marauder  
  190  17:13  Medivac  
  190  17:14  Medivac  
  195  17:17  Marauder  
  195  17:19  Marauder  
  199  17:28  Siege Tank  
  198  17:32  Marauder  
  194  17:37  Supply Depot  
  194  17:51  Siege Tank  
  194  17:59  Marauder  
  194  18:01  Siege Tank  
  196  18:23  Siege Tank  
  164  18:41  Command Center  
  164  18:42  Marauder x2  
  164  18:43  Refinery, Marine  
  164  18:46  Siege Tank  
  164  18:47  Marauder  
  168  18:53  Marine  
  168  18:55  Siege Tank  
  172  19:01  Marine  
  172  19:03  Marauder x2  
  160  19:11  Marauder  
  157  19:18  Siege Tank  
  160  19:25  Orbital Command, Marauder  
  160  19:26  Marine  
  160  19:28  Marauder  
  160  19:29  Siege Tank  
  168  19:32  Ghost  
  168  19:37  Marine x2  
Tags
 
Add a new tag
Caveats
  • Supply blocks, unpowered buildings, or Contaminate may cause inaccurate times.
  • Supply counts are checked every 10 seconds.